 Dungeon Crawl Stone Soup version 0.25.1-2-g60ff931df9 (webtiles) character file.

Game seed: 8009094677481471886

348 Johnny the Sneak (level 6, -6/28 HPs)
             Began as a Felid Earth Elementalist on Aug 16, 2020.
             Was an Initiate of Nemelex Xobeh.
             Killed by nerve-wracking pain
             ... invoked by an orc priest
              (11 damage)
             ... on level 4 of the Dungeon.
             The game lasted 00:04:27 (4225 turns).

Johnny the Sneak (Felid Earth Elementalist)         Turns: 4225, Time: 00:04:28

Health: -6/28      AC:  2    Str:  4    XL:     6   Next: 33%
Magic:  4/12       EV: 18    Int: 18    God:    Nemelex Xobeh [......]
Gold:   203        SH:  5    Dex: 17    Spells: 8/12 levels left
                                        Lives:  0   Deaths: 1

rFire    . . .     SeeInvis +   (weapon unavailable)
rCold    . . .     Gourm    .   (shield unavailable)
rNeg     . . .     Faith    .   (armour unavailable)
rPois    .         Spirit   .   (helmet unavailable)
rElec    .         Reflect  +   (cloak unavailable)
rCorr    .         Harm     .   (gloves unavailable)
MR       .....                  (boots unavailable)
Stlth    +++.......             i - amulet of reflection
HPRegen  0.09/turn              (no ring)
MPRegen  0.13/turn              (no ring)

@: quick
A: very small, no armour, no weapons or thrown items, stealth, claws 1, fangs 3,
see invisible, carnivore, speed 1, shaggy fur 2, slow metabolism 1, sharp paws
a: Draw Escape, Draw Destruction, Draw Summoning, Renounce Religion


You were on level 4 of the Dungeon.
You worshipped Nemelex Xobeh.
Nemelex Xobeh was noncommittal.
You were completely stuffed.

You visited 1 branch of the dungeon, and saw 4 of its levels.

You collected 203 gold pieces.

Inventory:

Missiles
 b - 17 stones
Jewellery
 e - an uncursed ring of ice
 i - an amulet of reflection (around neck)
Wands
 l - a wand of flame (5)
 p - a wand of iceblast (2)
Scrolls
 a - 3 scrolls of magic mapping {unknown}
 g - a scroll of identify {unknown}
 j - 3 scrolls of teleportation {unknown}
 k - a scroll of remove curse {unknown}
 o - a scroll of immolation {unknown}
Potions
 d - 2 potions of heal wounds {unknown}
 f - 3 potions of curing {unknown}
 h - 3 potions of might {unknown}
 m - a potion of haste
Comestibles
 c - 5 rations
 n - a chunk of flesh


   Skills:
 + Level 3.4 Fighting
 - Level 2.6 Dodging
 - Level 4.5 Stealth
 + Level 3.7 Spellcasting
   Level 1.1 Transmutations
 + Level 4.2 Earth Magic


You had 8 spell levels left.
You knew the following spells:

 Your Spells              Type           Power        Failure   Level  Hunger
a - Sandblast             Erth           ###...       2%          1    None
b - Stone Arrow           Conj/Erth      ##....       19%         3    ###....

Your spell library contained the following spells:

 Spells                   Type           Power        Failure   Level  Hunger
 Passwall                 Tmut/Erth      ##......     8%          2    ##.....
 Petrify                  Tmut/Erth      ##......     45%         4    ####...
 Lee's Rapid Deconstruct  Erth           ###.......   58%         5    ######.


Dungeon Overview and Level Annotations

Branches:
Dungeon (4/15)
 Temple: D:4-7

Altars:
Cheibriados
Hepliaklqana
Nemelex Xobeh


Innate Abilities, Weirdness & Mutations

You cannot wear armour.
You are incapable of wielding weapons or throwing items.
Your paws allow you to move quietly. (Stealth)
You have sharp claws.
You have razor-sharp teeth.
You have supernaturally acute eyesight. (SInv)
You are carnivorous and can eat meat at any time.
You cover ground quickly.
You are covered in thick fur. (AC +2)
You have a slow metabolism.
Your sharp claws are effective at attacking unaware monsters.


Message History

The orc wizard gestures wildly while chanting.
The orc wizard flickers and vanishes for a moment.
The orc priest calls down the wrath of Beogh upon you.
Beogh smites you!
* * * LOW HITPOINT WARNING * * *
The orc priest calls upon Beogh to heal the orc priest.
The orc priest is healed somewhat.
Casting: Sandblast (safe; 2% risk of failure)
Confirm with . or Enter, or press ? or * to list all spells.
Aiming: Sandblast (safe; 2% risk of failure)
Press: ? - help, Shift-Dir - straight line, f/p - orc priest
Aim: an orc priest, wielding a +0 club and wearing a +0 scale mail (lightly wounded)
The blast of sand hits the orc priest.
The orc priest is moderately wounded.
b - 17 stones The orc closely misses you.
The orc priest invokes the aid of Beogh against you.
Pain shoots through your body!
You die...
Your body disappears without a glow.

#... #[ ####...########.
# ##.........#...##. o
.................. #.
#...##...#...#.... #.###
#...##. ########. #oo..
#...############## . .o.
+...+.............
....##.##@o.#
#####..###..
#.....o)..#######..###.#
#####.oo..##.......#...#
#.............##.###
#................#
#............#.###
##+##........#.#
+........#..
#........##.#


You could see 2 orc priests, an orc wizard (invisible) and an orc.

Vanquished Creatures
  A phantom (D:4)
  An orc priest (D:3)
  Natasha (thrice) (D:2)
  An orc wizard (D:3)
  A worker ant (D:4)
  8 adders
  2 oozes (D:2)
  3 worms (D:2)
  3 dart slugs
  3 orcs
  7 bats
  4 giant cockroaches
  5 goblins
  7 hobgoblins
  6 jackals
  2 quokkas
  3 ball pythons
  2 frilled lizards (D:3)
  8 kobolds
  9 rats
79 creatures vanquished.

Notes
Turn   | Place    | Note
-------+----------+-------------------------------------------
     0 | D:1      | Johnny the Felid Earth Elementalist began the quest for the
                  | Orb.
     0 | D:1      | Reached XP level 1. HP: 7/7 MP: 4/4
   451 | D:1      | Reached XP level 2. HP: 12/12 MP: 3/6
  1209 | D:2      | Found a snail-covered altar of Cheibriados.
  1212 | D:2      | Reached skill level 1 in Fighting
  1301 | D:2      | Reached XP level 3. HP: 15/15 MP: 2/7
  1504 | D:2      | Noticed Natasha
  1513 | D:2      | Killed Natasha
  1513 | D:2      | Reached XP level 4. HP: 19/19 MP: 1/8
  1614 | D:2      | Noticed Natasha
  1618 | D:2      | Killed Natasha
  1627 | D:2      | Noticed Natasha
  1652 | D:2      | Slain by a crimson imp
  1653 | D:2      | Reached XP level 3. HP: 0/16 MP: 2/8
  1667 | D:2      | Killed Natasha
  1667 | D:2      | Reached XP level 4. HP: 6/19 MP: 5/9
  2625 | D:2      | Learned a level 3 spell: Stone Arrow
  3205 | D:3      | Reached XP level 5. HP: 23/23 MP: 10/10
  3214 | D:3      | Found a hazy altar of Hepliaklqana.
  3719 | D:3      | Found a sparkling altar of Nemelex Xobeh.
  3887 | D:3      | Became a worshipper of Nemelex Xobeh the Trickster
  4009 | D:4      | Received a gift from Nemelex Xobeh
  4021 | D:4      | Noticed a phantom
  4046 | D:4      | Killed a phantom
  4046 | D:4      | Gained mutation: You are covered in thick fur. (AC +2)
                  | [Felid growth]
  4046 | D:4      | Reached XP level 6. HP: 15/28 MP: 8/12
  4225 | D:4      | Killed from afar by an orc priest

Illustrated notes

Levels and vault maps discovered:
D:1:      dpeg_arrival_rooms_c, layout_basic
D:2:      layout_loops_ring, kennysheep_slug_shrine, uniq_natasha
D:3:      layout_loops_corners, overflow_temple_1_default,
          nicolae_overflow_hidden_temple
D:4:      layout_basic, first_ration

Skill      XL: |  1  2  3  4  5 |
---------------+----------------+-----
Stealth        | 3 4 |  4.5
Fighting       | 1 2 3 |  3.4
Earth Magic    | 3 4 |  4.2
Spellcasting   | 3 |  3.7
Dodging        | |  2.6
Transmutations | |  1.1

Action                   |  1- 3 |  4- 6 || total
-------------------------+-------+-------++-------
Melee: Unarmed           |     1 |    40 ||    41
       Bite              |       |     2 ||     2
 Cast: Sandblast         |    49 |    78 ||   127
Invok: Draw Destruction  |       |     1 ||     1
Evoke: Wand              |       |    16 ||    16
 Stab: Sleeping          |       |     6 ||     6
  Eat: Chunk             |     9 |    10 ||    19
Armor: Skin              |       |     3 ||     3
Dodge: Dodged            |    30 |    54 ||    84
Block: Other             |     4 |    11 ||    15
       Reflection        |     1 |       ||     1
